 Dungeon Crawl Stone Soup version 0.27-a0-1083-gcf8293e1eb (webtiles) character file.

Game seed: 4895123525951853212

1569 EnegeticOcto the Grappler (level 8, -3/117 HPs)
             Began as a Troll Fighter on Apr 26, 2021.
             Was a Priest of Cheibriados.
             Slain by a yak (5 damage)
             ... on level 11 of the Dungeon.
             The game lasted 00:10:12 (1824 turns).

EnegeticOcto the Grappler (Troll Fighter)           Turns: 1824, Time: 00:10:13

Health: -3/117     AC:  8    Str: 31    XL:     8   Next: 59%
Magic:  9/9        EV:  8    Int: 10    God:    Cheibriados [***...]
Gold:   235        SH: 15    Dex: 17    Spells: 7/7 levels left

rFire    . . .     SeeInvis .     - Unarmed
rCold    . . .     Faith    .   b - +0 kite shield
rNeg     . . .     Spirit   .   a - +0 robe
rPois    .         Reflect  +   (helmet restricted)
rElec    .         Harm     .   (no cloak)
rCorr    .         Rampage  .   (gloves unavailable)
Will     .....                  (boots unavailable)
Stlth    ..........             n - amulet of reflection
HPRegen  1.29/turn              i - +4 ring of slaying
MPRegen  0.11/turn              e - +4 ring of protection

@: berserking, very slow
A: large, unfitting armour, claws 3, regeneration 1, shaggy fur 1, tough skin 1
a: Renounce Religion, Bend Time, Temporal Distortion


You were on level 11 of the Dungeon.
You worshipped Cheibriados.
Cheibriados was most pleased with you.
You visited 2 branches of the dungeon, and saw 12 of its levels.
You also visited: Ossuary.

You collected 235 gold pieces.

Inventory:

Missiles
 j - 6 poisoned darts (quivered)
Armour
 a - a +0 robe (worn)
 b - a +0 kite shield (worn)
Jewellery
 e - a +4 ring of protection (right claw)
   (You found it on level 9 of the Dungeon)
 i - a +4 ring of slaying (left claw)
   (You found it on level 6 of the Dungeon)
 n - an amulet of reflection (around neck)
   (You found it on level 9 of the Dungeon)
 r - a +4 ring of evasion
   (You found it on level 9 of the Dungeon)
Wands
 h - a wand of flame (42) {@v4}
   (You found it on level 4 of the Dungeon)
 k - a wand of iceblast (9) {@v2}
   (You found it on level 4 of the Dungeon)
Scrolls
 t - a scroll of fear {!r}
Potions
 c - 5 potions of might {@q3 !q}
 d - 2 potions of degeneration
 f - a potion of curing {@q1 !q}
 g - a potion of resistance {unknown}
 l - a potion of lignification {unknown}
 m - a potion of berserk rage
 o - 2 potions of attraction {unknown}
 p - 2 potions of magic {unknown}
 q - a potion of brilliance {unknown}
 s - a potion of haste {unknown}
 u - a potion of cancellation {unknown}


   Skills:
 + Level 3.8 Fighting
 - Level 2.4 Dodging
 - Level 2.4 Shields
 * Level 9.8 Unarmed Combat
 + Level 3.0 Invocations


You had 7 spell levels left.
You didn't know any spells.
Your spell library contained the following spells:

 Spells                   Type           Power      Damage    Failure   Level
 Magic Dart               Conj           0%         1d3       83%         1
 Blink                    Tloc           N/A        N/A       93%         2
 Call Imp                 Summ           0%         N/A       93%         2
 Slow                     Hex            0%         N/A       93%         2
 Conjure Flame            Conj/Fire      0%         6-21      99%         3
 Mephitic Cloud           Conj/Pois/Air  0%         N/A       99%         3


Dungeon Overview and Level Annotations

Branches:
Dungeon (11/15)            Temple (1/1) D:6         Ossuary (visited)
   Lair: D:8-11         Orc: D:9-12

Altars:
Cheibriados
Dithmenos
Fedhas
Kikubaaqudgha
Makhleb
Nemelex Xobeh
Ru
Uskayaw
Xom
Zin
The Shining One


Innate Abilities, Weirdness & Mutations

You are too large for most types of armour.
You have claws for hands.
Your natural rate of healing is unusually fast.
You are covered in fur. (AC +1)
You have tough skin. (AC +1)


Message History

Found a scale mail.
You see here a +0 scale mail.
Found a flail.
You see here a +0 flail.
Found a stone staircase leading down.
There is a stone staircase leading down here.
(D) Dungeon (T) Temple
Where to? (Enter - D:10, ? - help)
You climb downwards.
You hear the roar of battle.
There is an entrance to a bailey on this level.
Hurry and find it before the portal closes forever!
A yak and Erica come into view.
Erica is wielding a +4 scimitar of flaming.
Erica shouts!
There is a stone staircase leading up here.
Okay, then.
A yak comes into view.
A yak comes into view.
The yak bellows! x2; You hear a bellow!
A yak comes into view.
Erica closely misses you.
You barely miss Erica.
A yak comes into view.
You block Erica's attack.
The yak bellows!
You scratch Erica.
Erica is lightly wounded.
A yak comes into view.
Erica points at you and mumbles some strange words.
The bolt of poison misses you.
You closely miss Erica.
Erica is lightly wounded.
The yak gores you. You block Erica's attack.
You barely miss Erica.
Erica is lightly wounded.
The yak gores you.
Erica hits you with a +4 scimitar of flaming!
Erica burns you. The yak misses you.
You mangle Erica!!
Erica is moderately wounded.
The yak barely misses you.
Erica points at you and mumbles some strange words.
You are confused.
You closely miss Erica.
Erica is moderately wounded.
The yak bellows!
The yak gores you.
Erica hits you with a +4 scimitar of flaming!
Erica burns you.
You are too confused!
Unknown command.
Really quaff
f - 3 potions of curing {@q1 !q}?
You feel better. You block the yak's attack. x2
Erica casts a spell at you.
You are confused.
Really quaff
f - 2 potions of curing {@q1 !q}?
You feel better. The yak gores you. You block the yak's attack.
Erica casts a spell at you. The lance of force hits you!!
You are knocked back by the lance of force.
You slam into the rock wall!
It was a potion of berserk rage.
A red film seems to cover your vision as you go berserk!
Cheibriados protects you from inadvertent hurry.
You feel mighty! The yak gores you!
You mangle the yak!!
The yak is almost dead.
Erica gestures at herself while chanting.
Erica flickers and vanishes!
Deactivating autopickup; reactivate with Ctrl-A.
You barely miss the yak.
The yak is almost dead.
The yak gores you.
You claw the yak!
You kill the yak!
Cheibriados thoroughly appreciates the change of pace.
You can now warp the flow of time around you.
The yak barely misses you. The yak gores you!
* * * LOW HITPOINT WARNING * * *
The yak gores you!
* * * LOW HITPOINT WARNING * * *
Your Invocations skill increases to level 3!
Unknown command.
You eviscerate something!!! You block the yak's attack.
You block something's attack. The yak gores you!
* * * LOW HITPOINT WARNING * * *
The yak gores you.
* * * LOW HITPOINT WARNING * * *
The yak completely misses you.
You closely miss something. You block the yak's attack.
You hear some strange, mumbled words.
Something tries to affect you, but you resist.
The yak gores you but does no damage. The yak gores you.
* * * LOW HITPOINT WARNING * * *
You block the yak's attack.
You claw something!
Cheibriados appreciates the change of pace.
Reactivating autopickup.
You feel a bit more experienced. You block the yak's attack. The yak gores you.
You die...

##########
#......YY#
#.....YY@#
#......Y)#
#.......<#
#...###..#
#... #..#
#.. ....
#. ......
#.
Y.......
.........


You could see 5 yaks.

Vanquished Creatures
  Erica (D:11)
  A yak (D:11)
  2 orc warriors
  A gnoll sergeant (D:8)
  6 killer bees (D:9)
  4 wights (D:8)
  2 centaur zombies (Ossuary)
  An orc priest (D:8)
  2 jellies (D:6)
  A hound (D:5)
  A gnoll shaman (D:9)
  A bullfrog skeleton (D:6)
  3 iguanas
  An orc wizard (D:5)
  A killer bee zombie (D:7)
  3 ogre zombies (Ossuary)
  A hound skeleton (D:5)
  8 mummies
  10 gnolls
  4 adders
  6 adder zombies (Ossuary)
  2 dart slugs
  19 orcs
  A ball python (D:2)
  2 endoplasms
  A giant cockroach (D:4)
  A jackal (D:4)
  3 bats
  3 gnoll zombies (Ossuary)
  5 hobgoblin zombies
  2 kobolds
  5 kobold zombies
  2 quokka zombies (Ossuary)
  A rat (D:2)
  2 rat zombies (Ossuary)
109 creatures vanquished.

Vanquished Creatures (others)
  A centaur (D:9)
1 creature vanquished.

Grand Total: 110 creatures vanquished

Notes
Turn   | Place    | Note
-------+----------+-------------------------------------------
     0 | D:1      | EnegeticOcto the Troll Fighter began the quest for the Orb.
     0 | D:1      | Reached XP level 1. HP: 22/22 MP: 0/0
    66 | D:2      | Reached XP level 2. HP: 29/29 MP: 1/1
   106 | D:3      | Reached skill level 3 in Unarmed Combat
   115 | D:3      | Reached XP level 3. HP: 23/36 MP: 2/2
   178 | D:4      | Found a sparkling altar of Nemelex Xobeh.
   203 | D:5      | Entered Level 5 of the Dungeon
   302 | D:5      | Reached skill level 4 in Unarmed Combat
   302 | D:5      | Reached XP level 4. HP: 40/44 MP: 3/3
   320 | D:5      | Reached skill level 5 in Unarmed Combat
   345 | D:4      | Reached XP level 5. HP: 36/50 MP: 4/4
   449 | D:6      | Found a staircase to the Ecumenical Temple.
   455 | Temple   | Entered the Ecumenical Temple
   471 | Temple   | Became a worshipper of Cheibriados the Contemplative
   515 | D:6      | Found a sand-covered staircase.
   521 | D:6      | Reached skill level 6 in Unarmed Combat
   524 | Ossuary  | Entered an ossuary
   634 | Ossuary  | Reached XP level 6. HP: 53/59 MP: 5/5
   687 | Ossuary  | Reached * piety under Cheibriados
   795 | Ossuary  | Reached skill level 7 in Unarmed Combat
   893 | D:5      | Found a sacrificial altar of Ru.
   953 | D:6      | Noticed an orc warrior
   963 | D:6      | Killed an orc warrior
   964 | D:6      | Reached skill level 8 in Unarmed Combat
   964 | D:6      | Reached XP level 7. HP: 23/66 MP: 6/6
  1045 | D:6      | Found a shadowy altar of Dithmenos.
  1258 | D:8      | Reached ** piety under Cheibriados
  1263 | D:8      | Reached skill level 1 in Invocations
  1324 | D:9      | Reached skill level 3 in Fighting
  1324 | D:9      | Reached skill level 9 in Unarmed Combat
  1357 | D:9      | Reached XP level 8. HP: 53/75 MP: 8/8
  1360 | D:9      | Reached skill level 2 in Invocations
  1636 | D:9      | Found a hide-covered altar of Uskayaw.
  1725 | D:10     | Entered Level 10 of the Dungeon
  1807 | D:11     | Noticed Erica
  1821 | D:11     | Reached *** piety under Cheibriados
  1822 | D:11     | Reached skill level 3 in Invocations
  1822 | D:11     | HP: 5/117 [yak (2)]
  1823 | D:11     | HP: 1/117 [yak (6)]
  1824 | D:11     | Killed Erica
  1824 | D:11     | Slain by a yak

Illustrated notes

Levels and vault maps discovered:
D:1:      sevenhm_arrival_forest_fort_small_3, layout_loops_cross,
          hellmonk_ecumenical_altar_lost_god, st_stairs_5
D:2:      layout_loops_cross, basic_altar
D:3:      layout_rooms, st_stairs_12, minmay_misc_feat_columns,
          hangedman_decor_lopped
D:4:      layout_basic, kennysheep_mini, columned_hall_lemuel,
          uniq_crazy_yiuf_cottage
D:5:      layout_layer_cave, nicolae_ru_sacrificial_ziggurat
D:6:      layout_gridville, nicolae_overflow_crystal_walls,
          minmay_temple_entry_arrows, nicolae_ossuary_entry_giza,
          uniq_prince_ribbit1
D:7:      layout_cave_pods, roderic_batcave
D:8:      layout_gridville, gammafunk_temple_overflow_elements,
          erik_lair_orcish_takeover, david_defended_altar_orc
D:9:      layout_stronghold, nicolae_ashenzari_skybound, kennysheep_little_box,
          lemuel_flamethrower_hall
D:10:     layout_basic, jmf_multi_god_temple2, orc_0_dummy, serial_shops, shop,
          minmay_dual_archer_statues
D:11:     layout_gridville, enter_bailey_8, uniq_erica
Temple:   dshaligram_water_room_temple

Skill      XL: |  1  2  3  4  5  6  7  8 |
---------------+-------------------------+-----
Unarmed Combat | 3 4 5 6 8 9 |  9.8
Invocations    | 1 3 |  3.0
Fighting       | 3 |  3.8
Dodging        | |  2.4
Shields        | |  2.4

Action                   |  1- 3 |  4- 6 |  7- 9 || total
-------------------------+-------+-------+-------++-------
Melee: Unarmed           |    53 |   187 |    98 ||   338
Evoke: Wand              |       |     5 |     2 ||     7
  Use: Scroll            |       |     6 |     2 ||     8
       Potion            |       |       |     3 ||     3
Armor: Robe              |    25 |    36 |    36 ||    97
Dodge: Dodged            |    21 |    60 |    36 ||   117
Block: Kite shield       |    25 |    93 |    65 ||   183

Table legend: (Time is in decaauts)
 A = Elapsed time spent in this place.
 B = Non-inter-level travel time spent in this place.
 C = Inter-level travel time spent in this place.
 D = Time resting spent in this place.
 E = Time spent auto-exploring this place.
 F = Levels seen in this place.
 G = Mean time per level.
                   A        B        C        D        E       F      G
               +--------+--------+--------+--------+--------+-----+--------+
         Total |   2294 |   2231 |     63 |      0 |      0 |  13 |  176.5 |
       Dungeon |   1842 |   1798 |     44 |      0 |      0 |  11 |  167.5 |
        Temple |     36 |     17 |     19 |      0 |      0 |   1 |   36.0 |
       Ossuary |    414 |    414 |      0 |      0 |      0 |   1 |  414.0 |
               +--------+--------+--------+--------+--------+-----+--------+

Top non-repeatable levels by time:
     D:9: 582 daAuts
 Ossuary: 414 daAuts
     D:6: 360 daAuts
     D:8: 319 daAuts
     D:4: 204 daAuts
    D:10: 125 daAuts
     D:5: 72 daAuts
     D:2: 63 daAuts
     D:3: 47 daAuts
  Temple: 36 daAuts
     D:1: 30 daAuts
     D:7: 19 daAuts
    D:11: 18 daAuts
